AoeStats
← 战丶无双

Arena

510915376Analyzed
4v4 RM · 15h ago on Oct 3, 2026· 41m 45s· 8 players
Game mode
Random Map
Map size
Large (8 player)
Population
200
Speed
Normal
Resources
Standard
Victory
Conquest
Starting age
Dark Age
Ending age
Imperial Age
RankedLock teamsTeams togetherTeam positionsShared explorationLock speedFull tech treeHidden civsTurbo modeCheats
Victory
Defeat
🇹🇼 Persians · Taiwan
1006
+13
🇹🇼 Franks · Taiwan
1002
+13
🇨🇳 Maya · China
1000
+13
🇨🇱 Teutons · Chile
942
+14
🇲🇽 Japanese · Mexico
955
-14
🇺🇸 Bohemians · United States
938
-14
🇺🇸 Khmer · United States
932
-13
🇺🇸 Khmer · United States
903
-12
Machetekills135
0:28 Loom
12:03 Feudal Age
16:54 Castle Age
15:01 Horse Collar
15:11 Double-Bit Axe
23:48 Wheelbarrow
30:25 Imperial Age
28:14 Bow Saw
30:27 Gold Mining
30:42 Heavy Plow
31:00 Hand Cart
31:28 Pikeman
31:53 Gambesons
31:54 Arson
35:31 Kataparuto
36:27 Squires
37:16 Halberdier
37:59 Crossbowman
38:44 Thumb Ring
38:52 Elite Samurai
39:55 Kataparuto
39:37 Yasama
41:00 Arbalester
rampagingcarrot
10:35 Feudal Age
13:31 Castle Age
12:01 Double-Bit Axe
13:29 Loom
14:44 Bow Saw
19:44 Horse Collar
20:31 Stone Mining
20:33 Gold Mining
20:48 Heavy Plow
21:57 Gold Shaft Mining
21:13 Stone Mining
22:59 Stone Shaft Mining
28:18 Imperial Age
26:52 Pikeman
28:57 Heavy Scorpion
30:03 Fortified Wall
31:06 Crop Rotation
31:37 Halberdier
33:04 Forging
32:54 Scale Mail Armor
34:37 Iron Casting
37:34 Blast Furnace
36:50 Chain Mail Armor
38:18 Bloodlines
38:08 Husbandry
37:29 Cavalier
39:18 Scale Barding Armor
BIZONADE
11:01 Feudal Age
14:07 Castle Age
13:11 Double-Bit Axe
13:10 Horse Collar
15:07 Loom
23:45 Bow Saw
24:17 Stone Mining
24:30 Gold Mining
29:50 Imperial Age
27:06 Loom
29:42 Wheelbarrow
29:55 Gold Shaft Mining
30:30 Ballistics
30:07 Murder Holes
31:06 Conscription
30:49 Double Crossbow
33:18 Chemistry
32:41 Fletching
33:01 Siege Engineers
35:27 Stone Shaft Mining
35:22 Hand Cart
34:53 Town Watch
35:41 Pikeman
36:33 Halberdier
40:04 Bodkin Arrow
40:15 Scale Barding Armor
J0hnny
11:09 Feudal Age
13:14 Loom
15:40 Castle Age
13:57 Double-Bit Axe
14:08 Horse Collar
19:05 Fletching
22:00 Bodkin Arrow
34:12 Imperial Age
33:12 Bow Saw
33:52 Wheelbarrow
34:01 Pikeman
35:25 Halberdier
36:13 Scale Mail Armor
38:26 Chemistry
37:48 Ballistics
37:42 Masonry
38:01 Bracer
39:16 Arson
39:48 Chain Mail Armor
39:43 Forging
41:05 Fortified Wall
心死就在一瞬間
2:52 Loom
10:15 Feudal Age
10:54 Double-Bit Axe
16:28 Castle Age
15:10 Stone Mining
15:10 Gold Mining
15:05 Horse Collar
17:27 Bow Saw
24:13 Scale Barding Armor
26:44 Chain Barding Armor
26:34 Forging
28:54 Wheelbarrow
33:07 Imperial Age
31:28 Scale Mail Armor
31:38 Forging
33:03 Elite War Elephant
33:58 Heavy Plow
34:17 Hand Cart
35:00 Pikeman
36:31 Plate Barding Armor
36:54 Bloodlines
36:46 Husbandry
40:29 Stone Shaft Mining
40:31 Gold Shaft Mining
39:35 Cavalier
deankuo
12:14 Feudal Age
15:57 Castle Age
13:45 Double-Bit Axe
17:26 Bow Saw
21:41 Wheelbarrow
21:34 Stone Mining
24:15 Loom
24:56 Gold Mining
27:00 Scale Barding Armor
27:05 Forging
29:52 Imperial Age
27:50 Husbandry
29:29 Chain Barding Armor
29:45 Iron Casting
30:59 Conscription
32:05 Plate Barding Armor
30:52 Cavalier
33:13 Chivalry
32:36 Paladin
35:45 Elite Throwing Axeman
38:36 Scale Mail Armor
39:37 Blast Furnace
38:37 Gambesons
38:53 Squires
40:45 Gold Shaft Mining
40:28 Chain Mail Armor
42:13 Fervor
战丶无双
10:51 Feudal Age
12:06 Double-Bit Axe
12:14 Horse Collar
14:51 Castle Age
13:33 Gold Mining
18:05 Bow Saw
23:29 Wheelbarrow
24:12 Bow Saw
24:06 Loom
26:03 Stone Mining
27:05 Hand Cart
26:36 Town Watch
30:24 Imperial Age
29:02 Ballistics
28:37 Murder Holes
29:30 Stone Shaft Mining
28:45 Eagle Warrior
30:19 Squires
30:25 Scale Mail Armor
30:36 Forging
30:18 Fletching
30:12 Treadmill Crane
30:36 Heavy Plow
30:31 Pikeman
32:13 Conscription
31:37 Onager
34:09 Two-Man Saw
33:36 Bodkin Arrow
34:43 Chemistry
34:04 Chain Mail Armor
34:24 Iron Casting
33:28 Elite Eagle Warrior
35:01 Crop Rotation
34:51 Arson
35:13 Bracer
34:50 Capped Ram
35:53 Caravan
37:53 Plate Mail Armor
38:24 Blast Furnace
38:29 Holcans
malin la estrella xd
0:35 Loom
10:18 Feudal Age
11:11 Double-Bit Axe
11:18 Gold Mining
12:13 Horse Collar
18:14 Castle Age
19:01 Stone Mining
20:04 Bow Saw
21:34 Stone Shaft Mining
24:42 Wheelbarrow
32:04 Scale Mail Armor
33:28 Heavy Plow
40:02 Imperial Age
38:41 Forging
40:22 Iron Casting
43:04 Chemistry
42:28 Ballistics
Connection lost

Rejoining the realm…

Still unreachable

The connection could not be restored.

Session expired

The server has moved on; the page needs a fresh start.